 Dungeon Crawl Stone Soup version 0.17-a0-1793-gcbb3aa1 (webtiles) character file.

16 Sixotanaka the Magician (level 2, -2/20 HPs)
             Began as a Ghoul Wanderer on Sept 9, 2015.
             Slain by a gnoll
             ... wielding a +0 whip
              (7 damage)
             ... on level 1 of the Dungeon.
             The game lasted 00:02:39 (1011 turns).

Sixotanaka the Magician (Ghoul Wanderer)            Turns: 1011, Time: 00:02:39

Health: -2/20      AC:  3    Str: 15    XL:     2   Next: 58%
Magic:  4/4        EV: 11    Int:  8    God:
Gold:   36         SH:  0    Dex:  7    Spells: 0 memorised, 6 levels left

rFire  . . .     SeeInvis .       - Unarmed
rCold  + . .     Clarity  .     d - +0 robe
rNeg   + + +     SustAt   .     (no shield)
rPois  ∞         Gourm    .     (no helmet)
rElec  .         Spirit   .     (no cloak)
rCorr  .         Warding  .     n - +0 pair of gloves
rMut   .         Stasis   .     (no boots)
MR     .....                    (no amulet)
Stlth  +.........               (no ring)
                                (no ring)

@: rotting, not resistant to hostile enchantments, very unstealthy
A: rotting body, claws 1, carnivore 3, cold resistance 1, negative energy
resistance 3, slow healing 1, torment resistance, unbreathing
a: no special abilities


You were on level 1 of the Dungeon.
You were not hungry.

You visited 1 branch of the dungeon, and saw 1 of its levels.

You collected 36 gold pieces.


Innate Abilities, Weirdness & Mutations

Your body is rotting away.
You thrive on raw meat.
You are immune to poison.
You have sharp fingernails.
You are carnivorous and can eat meat at any time.
Your flesh is cold resistant.
You are immune to negative energy.
You heal slowly when monsters are visible.
You are immune to unholy pain and torment.
You can survive without breathing.


   Skills:
 - Level 1.1 Stealth
   Level 1.0 Shields
 + Level 2.3 Unarmed Combat
 - Level 2.6 Spellcasting
   Level 1.0 Summonings
   Level 2.0 Necromancy
   Level 2.1 Earth Magic


You had 6 spell levels left.
You didn't know any spells.

Dungeon Overview and Level Annotations

Branches:
Dungeon (1/15)

Altars:

Inventory:

Hand weapons
 e - a +0 club
Missiles
 g - 116 stones (quivered)
Armour
 d - a +0 robe (worn)
 n - a +0 pair of gloves (worn)
Scrolls
 h - a scroll of remove curse {unknown}
 i - a scroll of teleportation {unknown}
 j - 2 scrolls of magic mapping {unknown}
 k - a scroll of fog {unknown}
 m - 2 scrolls of identify {unknown}
 p - a scroll of blinking {unknown}
Potions
 l - a potion of curing {unknown}
Books
 a - a book of Necromancy
 b - the Grimoire of Snow

   Spells                             Type                      Level
   a - Freeze                         Ice                          1
   b - Ozocubu's Armour               Charms/Ice                   3
 c - the Collected Works on Intoxication

   Spells                             Type                      Level
   a - Sting                          Conjuration/Poison           1
   b - Spider Form                    Transmutation/Poison         3
Comestibles
 f - a meat ration
 o - 6 chunks of flesh

......(..................†.......
#######.##.....#.################
........##........#
##########........########
....######.###..(........#
....#.>..#.# #...........#
....#....#.# #...........#
....###'##.# #...........# ....#
##.#.# #..@........# ....# #>#.#
#..g........# ....# ##.#.#
#...........# ##### #'##.#
###.######### # #....# #.# #
###....# #.# # ##.#....# #.#
####'#'....# #.# #....##....#
##'######


You could see a gnoll.


Message History

The ball python closely misses you. The ball python grabs you.
The ball python constricts you.
You closely miss the ball python. The ball python bites you.
The ball python constricts you.
You closely miss the ball python. The ball python barely misses you.
The ball python constricts you.
You closely miss the ball python. The ball python barely misses you.
The ball python constricts you.
You barely miss the ball python. The ball python bites you.
The ball python constricts you.
You hit the ball python.
You kill the ball python!
A ball python comes into view.
You see here a ball python corpse.
You see here a ball python corpse.
You butcher the ball python corpse.
You see here 2 chunks of flesh.
You barely miss the ball python. The ball python barely misses you.
The ball python misses you.
You closely miss the ball python.
The ball python bites you but does no damage.
The ball python closely misses you.
You hit the ball python.
You kill the ball python!
You see here a ball python corpse.
You butcher the ball python corpse.
o - 5 chunks of flesh (gained 3)
o - 7 chunks of flesh (gained 2)
You hit the plant but do no damage. You hit the plant but do no damage.
You hit the plant. You hit the plant but do no damage.
You hit the plant but do no damage. You hit the plant but do no damage.
You hit the plant but do no damage. You hit the plant but do no damage.
You hit the plant. You hit the plant but do no damage.
You hit the plant but do no damage.
Eat one of 7 chunks of flesh? (ye/n/q/i?)
You feel more resilient.
This raw flesh tastes great!
You continue eating. x2
There is an open door here.
There is an open door here.
A kobold comes into view.
A kobold is nearby!
A kobold is nearby!
You barely miss the kobold. The kobold hits you.
A gnoll comes into view. It is wielding a whip.
You barely miss the kobold. The kobold hits you but does no damage.
The gnoll shouts!
You hit the kobold. The kobold misses you.
You hit the kobold but do no damage. The kobold hits you.
You hit the kobold.
You kill the kobold!
The gnoll throws a throwing net.
The throwing net closely misses you.
The gnoll throws a throwing net.
The throwing net hits you.
You become entangled in the net!
You see here a throwing net.
You are held in a net!
You try to slip out of the net.
You struggle against the net.
The gnoll hits you with a whip.
You try to slip out of the net.
The gnoll barely misses you.
You slip out of the net!
The gnoll hits you with a whip.
You closely miss the gnoll. You hit the gnoll. The gnoll hits you with a whip.
* * * LOW HITPOINT WARNING * * *
You hit the gnoll but do no damage. The gnoll barely misses you.
You hit the gnoll. The gnoll hits you with a whip!
You die...

Action                   || total
-------------------------++-------
Melee: Unarmed           ||    68
  Eat: Chunk             ||     5

Vault maps used:
D:1:      dpeg_arrival_connections, minmay_shallow_snake_nest

Notes
Turn   | Place    | Note
--------------------------------------------------------------
     0 | D:1      | Sixotanaka the Ghoul Wanderer began the quest for the Orb.
     0 | D:1      | Sixotanaka set off with: a book of Necromancy, the Grimoire of Snow, the Collected Works on Intoxication, a +0 robe, a +0 club, a meat ration
     0 | D:1      | Reached XP level 1. HP: 14/14 MP: 3/3
   238 | D:1      | Reached skill level 1 in Unarmed Combat
   506 | D:1      | Reached XP level 2. HP: 8/20 MP: 4/4
   597 | D:1      | Reached skill level 2 in Unarmed Combat
  1009 | D:1      | HP: 5/20 [gnoll/whip (6)]
  1011 | D:1      | Slain by a gnoll

Vanquished Creatures
  A giant gecko (D:1)
  2 giant cockroaches (D:1)
  A goblin (D:1)
  A hobgoblin (D:1)
  A kobold (D:1)
  3 ball pythons (D:1)
  A bat (D:1)
  3 giant newts (D:1)
  4 rats (D:1)
17 creatures vanquished.
